 Dungeon Crawl Stone Soup version 0.28.0-47-ge53b351184 (webtiles) character file.

Game seed: 1040347233891839727

2 Woods the Conjurer (level 1, 0/10 HPs)
             Began as a Deep Elf Conjurer on Apr 28, 2022.
             Slain by a bat (1 damage)
             ... on level 1 of the Dungeon.
             The game lasted 00:00:24 (38 turns).

Woods the Conjurer (Deep Elf Conjurer)                Turns: 38, Time: 00:00:25

Health: 0/10       AC:  2    Str:  4    XL:     1   Next: 33%
Magic:  1/6        EV: 12    Int: 22    God:
Gold:   0          SH:  0    Dex: 13    Spells: 5/6 levels left

rFire   . . .      SeeInvis .   (no weapon)
rCold   . . .      Faith    .   (no shield)
rNeg    . . .      Spirit   .   a - +0 robe
rPois   .          Reflect  .   (no helmet)
rElec   .          Harm     .   (no cloak)
rCorr   .          Rampage  .   (no gloves)
Will    .....                   (no boots)
Stlth   ++........              (no amulet)
HPRegen 0.03/turn               (no ring)
MPRegen 0.10/turn               (no ring)

@: no status effects
A: no striking features
a: no special abilities


You were on level 1 of the Dungeon.
You visited 1 branch of the dungeon, and saw 1 of its levels.

Inventory:

Armour
 a - a +0 robe (worn)


   Skills:
 - Level 2.4 Dodging
 - Level 2.4 Stealth
 + Level 3.1 Spellcasting
 + Level 4.4 Conjurations


You had 5 spell levels left.
You knew the following spells:

 Your Spells              Type           Power      Damage    Failure   Level
a - Magic Dart            Conj           92%        1d7       1%          1

Your spell library contained the following spells:

 Spells                   Type           Power      Damage    Failure   Level
 Searing Ray              Conj           46%        2d6       3%          2
 Dazzling Flash           Conj/Hex       26%        N/A       14%         3
 Fulminant Prism          Conj/Hex       6%         3d7       43%         4
 Iskenderun's Mystic Bla  Conj/Tloc      13%        2d5       43%         4


Dungeon Overview and Level Annotations

Branches:
Dungeon (1/15)

Altars:


Message History

The jackal barely misses you.
Aiming: Magic Dart (safe; 1% risk of failure)
Press: ? - help, Q - select action Shift-Dir - straight line, f/p - bat
Aim: a bat (heavily wounded, 100% to hit)
The magic dart hits the jackal.
You kill the jackal!
The bat closely misses you. The bat barely misses you.
Aiming: Magic Dart (safe; 1% risk of failure)
Press: ? - help, Q - select action Shift-Dir - straight line, f/p - bat
Aim: a bat (moderately wounded, 100% to hit)
You miscast Magic Dart.
You are very lightly contaminated with residual magic.
Nothing appears to happen.
The bat hits you. The bat closely misses you.
Found an escape hatch in the floor.
The bat closely misses you. The bat hits you but does no damage.
The rat bites you.
A kobold comes into view. It is wielding a +0 short sword.
The bat barely misses you. The rat barely misses you.
A bat comes into view.
The bat misses you.
You closely miss the bat.
The kobold shouts!
The bat completely misses you.
The bat misses you. x2; The bat hits you.
* * * LOW HITPOINT WARNING * * *
The rat barely misses you.
Your magical contamination has completely faded away.
The bat hits you but does no damage. The bat hits you.
* * * LOW HITPOINT WARNING * * *
The bat barely misses you.
You closely miss the bat. The bat misses you.
The bat hits you but does no damage. The bat barely misses you.
You miss the bat. The bat hits you but does no damage. The rat bites you.
* * * LOW HITPOINT WARNING * * *
Aiming: Magic Dart (safe; 1% risk of failure)
Press: ? - help, Q - select action Shift-Dir - straight line, f/p - bat
Aim: a bat (100% to hit)
The magic dart hits the rat.
You kill the rat!
The bat closely misses you. The bat hits you.
You die...

.... #. ... .....#
###... ..## >...#..
.K# ####
####..#.###.# ....#
.........##.###.....#
..........#hb@b.....#
..........h###.....#
#.......## ....#
...#...### #### ##.##
#.########
#h..........
##.........#
#.≈≈≈≈≈≈≈.#.


You could see 2 jackals and 2 bats.

Vanquished Creatures
  2 jackals (D:1)
  A rat (D:1)
3 creatures vanquished.

Notes
Turn   | Place    | Note
-------+----------+-------------------------------------------
     0 | D:1      | Woods the Deep Elf Conjurer began the quest for the Orb.
     0 | D:1      | Reached XP level 1. HP: 10/10 MP: 6/6
    38 | D:1      | Slain by a bat

Illustrated notes

Levels and vault maps discovered:
D:1:      ebering_hopf_link, layout_loops_cross, serial_bayou_ford_a

Action                   || total
-------------------------++-------
Melee: Unarmed           ||     3
 Cast: Magic Dart        ||     7
Armor: Robe              ||     5
Dodge: Dodged            ||    20
